 Dungeon Crawl Stone Soup version 0.19-a0-32-gbfd796a (webtiles) character file.

208 M4edhros the Insei (level 5, -3/31 HPs)
             Began as an Octopode Necromancer on May 2, 2016.
             Killed by divine providence
             ... invoked by an orc priest
              (16 damage)
             ... on level 4 of the Dungeon.
             The game lasted 00:05:15 (902 turns).

M4edhros the Insei (Octopode Necromancer)            Turns: 902, Time: 00:05:17

Health: -3/31      AC:  1    Str: 13    XL:     5   Next: 86%
Magic:  8/8        EV:  7    Int: 17    God:
Gold:   81         SH: 12    Dex: 13    Spells: 3 memorised, 3 levels left

rFire  . . .     SeeInvis .       - Unarmed
rCold  . . .     Gourm    .     m - +2 large shield
rNeg   . . .     Faith    .     (helmet restricted)
rPois  .         Spirit   .     g - amulet of magic regeneration
rElec  .         Dismiss  .     (no ring)
rCorr  .         Reflect  .     (no ring)
SustAt .         Harm     .     (no ring)
MR     .....                    (no ring)
Stlth  +++.......               (no ring)
                                (no ring)
                                (no ring)
                                (no ring)

@: mighty, not resistant to hostile enchantments, fairly stealthy
A: almost no armour, amphibious, 8 rings, constrict 8, camouflage 1, gelatinous
body 1
a: no special abilities


You were on level 4 of the Dungeon.
You were not hungry.

You visited 1 branch of the dungeon, and saw 5 of its levels.

You collected 81 gold pieces.

Inventory:

Armour
 m - a +2 large shield (worn)
Jewellery
 g - an amulet of magic regeneration (around mantle)
Scrolls
 c - 2 scrolls of identify
 h - 2 scrolls of remove curse
 l - a scroll of recharging
Potions
 e - a potion of agility
Books
 a - a book of Necromancy

   Spells                             Type                      Level
   a - Pain                           Necromancy                   1
   b - Animate Skeleton               Necromancy                   1
   c - Vampiric Draining              Necromancy                   3
   d - Regeneration                   Charms/Necromancy            3
   e - Animate Dead                   Necromancy                   4
   f - Control Undead                 Necromancy                   4
Comestibles
 b - 2 bread rations
 j - a chunk of flesh
 k - a meat ration


   Skills:
 - Level 2.0 Dodging
 - Level 2.6 Stealth
 * Level 0.0 Shields
 + Level 5.4 Unarmed Combat
 - Level 2.0 Spellcasting
 - Level 4.0 Necromancy


You had 3 spell levels left.
You knew the following spells:

 Your Spells              Type           Power        Failure   Level  Hunger
a - Pain                  Necr           ###.         87%         1    #......
b - Animate Skeleton      Necr           N/A          87%         1    #......
r - Regeneration          Chrm/Necr      #.........   100%        3    ###....


Dungeon Overview and Level Annotations

Branches:
Dungeon (5/15)
 Temple: D:4-7

Altars:

Annotations:
D:5 Pikel


Innate Abilities, Weirdness & Mutations

You cannot wear most types of armour.
You are amphibious.
You can wear up to eight rings at the same time.
You can use your tentacles to constrict eight enemies at once.
Your skin changes colour to match your surroundings (Stealth).
Your rubbery body absorbs attacks (AC +1).


Message History

You constrict the orc priest, but do no damage.
Your giant gecko skeleton closely misses the orc.
The orc priest hits you.
Drink which item? (? for menu, Esc to quit)
You feel better.
You constrict the orc priest, but do no damage.
You block the orc's attack.
Your giant gecko skeleton barely misses the orc.
The orc priest casts a cantrip, but nothing happens.
The orc priest calls down the wrath of Beogh upon you.
Beogh smites you!
Drink which item? (? for menu, Esc to quit)
You feel better.
You constrict the orc priest.
The orc hits you with a flail of protection.
Your giant gecko skeleton bites the orc.
The orc barely misses your giant gecko skeleton.
The orc priest calls down the wrath of Beogh upon you.
Beogh smites you!
Ouch! That really hurt!
You die...

.........#.......#.#.#.#.#.#
##.##............##.#.#.#.#.
#####..)...............#.#.#.#.#
#.......#.###....##.###.#.#.#.#.
#.#...............#....#.#.#.#.#
#.#.#.....###..†..###.#.#.#.#.#.
#.#.#..................#.#.#%#.#
##.#.#.........>Zo....(#.#.#.#.#.
...#.##########.@o.o....#.#.#(#.#
................Zo.....#.#.#.#.#.
.###.###########........# #.#.#.#
#......................+ #.#.#.
###############........# #.#.#
#.........# .#.#. #........#.#
#.#.# #.........#.#.#.#.
########.#.#. .#.#


You could see 2 orc priests, 2 orcs, a friendly giant gecko skeleton and a
friendly gnoll skeleton.

Vanquished Creatures
  Eustachio (D:4)
  2 gnolls (D:4)
  2 adders
  An ooze (D:4)
  2 dart slugs (D:3)
  A giant gecko (D:4)
  3 goblins
  A hobgoblin (D:1)
  A quokka (D:2)
  A giant newt (D:3)
  2 kobolds
  2 rats
19 creatures vanquished.

Vanquished Creatures (collateral kills)
  A gnoll (D:4)
  A dart slug (D:4)
  A giant cockroach (D:2)
3 creatures vanquished.

Grand Total: 22 creatures vanquished

Notes
Turn   | Place    | Note
--------------------------------------------------------------
     0 | D:1      | M4edhros the Octopode Necromancer began the quest for the Orb.
     0 | D:1      | Reached XP level 1. HP: 11/11 MP: 3/3
    53 | D:1      | Reached skill level 1 in Unarmed Combat
   110 | D:2      | Learned a level 1 spell: Animate Skeleton
   124 | D:2      | Reached XP level 2. HP: 5/17 MP: 3/5
   262 | D:2      | Reached skill level 2 in Unarmed Combat
   463 | D:3      | Reached XP level 3. HP: 15/21 MP: 3/6
   466 | D:3      | HP: 1/21 [kobold/stone (2)]
   492 | D:3      | Learned a level 3 spell: Regeneration
   611 | D:4      | Noticed Eustachio
   633 | D:4      | Killed Eustachio
   633 | D:4      | Reached skill level 4 in Unarmed Combat
   633 | D:4      | Reached XP level 4. HP: 13/27 MP: 4/7
   633 | D:4      | Reached XP level 5. HP: 15/31 MP: 4/8
   655 | D:5      | Entered Level 5 of the Dungeon
   682 | D:5      | Noticed a slave
   683 | D:5      | Noticed Pikel
   683 | D:5      | Noticed a slave
   687 | D:5      | Noticed a slave
   738 | D:4      | Reached skill level 5 in Unarmed Combat
   902 | D:4      | Killed from afar by an orc priest

Vault maps used:
D:1:      minmay_arrival_diagonal_passages
D:2:      kiku_gazebo_garden_becter, lemuel_blue_sif_altar,
          johnstein_pakellas_shop, uniq_sigmund, uniq_robin
D:3:      minmay_goblin_kobold_castle, first_bread
D:4:      uniq_eustachio
D:5:      uniq_edmund, uniq_pikel, uniq_crazy_yiuf_cottage

Skill      XL: |  1  2  3  4  5 |
---------------+----------------+-----
Unarmed Combat | 1 2 4 5 |  5.4
Dodging        | |  2.0
Stealth        | |  2.6
Spellcasting   | |  2.0
Necromancy     | |  4.0

Action                   |  1- 3 |  4- 6 || total
-------------------------+-------+-------++-------
Melee: Unarmed           |    24 |    22 ||    46
       Constrict         |     6 |     5 ||    11
       Tentacles         |     4 |     3 ||     7
       Punch             |       |     1 ||     1
 Cast: Pain              |    16 |       ||    16
       Animate Skeleton  |     1 |     2 ||     3
       Regeneration      |     5 |     6 ||    11
  Use: Potion            |     4 |     3 ||     7
       Scroll            |       |     5 ||     5
 Stab: Sleeping          |       |     1 ||     1
  Eat: Chunk             |       |     2 ||     2
Armor: Skin              |     2 |       ||     2
Dodge: Dodged            |    13 |    10 ||    23
Block: Large shield      |       |     2 ||     2
